 Dungeon Crawl Stone Soup version 0.30-a0-986-g7f2e898f52 (webtiles) character file.

Game seed: 14174113816650843170

131 Zonian the Ruffian (level 5, 0/28 HPs)
             Began as a Vine Stalker Gladiator on Apr 2, 2023.
             Was an Elder of Uskayaw.
             Slain by a gnoll
             ... wielding a +0 whip
              (5 damage)
             ... on level 4 of the Dungeon.
             The game lasted 00:03:44 (2012 turns).

Zonian the Ruffian (Vine Stalker Gladiator)         Turns: 2012, Time: 00:03:44

Health: 0/28       AC:  4    Str: 18    XL:     5   Next: 14%
Magic:  0/6        EV: 12    Int:  8    God:    Uskayaw [****..]
Gold:   158        SH:  3    Dex: 16    Spells: 4/4 levels left

rFire   . . .      SeeInvis .      - Unarmed
rCold   . . .      Faith    .    i - +0 buckler
rNeg    . . .      Spirit   +    a - +0 leather armour
rPois   .          Reflect  .    b - +0 helmet
rElec   .          Rampage  .    (no cloak)
rCorr   .                        (no gloves)
Will    .....                    (no boots)
Stlth   +                        (no amulet)
HPRegen 1.04/turn                (no ring)
MPRegen 0.10/turn                (no ring)

@: no status effects
A: fangs 2, regeneration 1, magic shield, antimagic bite, no potion heal 2
a: Renounce Religion, Stomp, Line Pass


You were on level 4 of the Dungeon.
You worshipped Uskayaw.
Uskayaw was noncommittal.
You visited 1 branch of the dungeon, and saw 4 of its levels.

You collected 158 gold pieces.

Inventory:

Missiles
 c - 3 throwing nets (quivered)
 d - a javelin
Armour
 a - a +0 leather armour (worn)
 b - a +0 helmet (worn)
 g - a +0 scale mail
 i - a +0 buckler (worn)
Wands
 n - a wand of roots (9)
Scrolls
 h - a scroll of fog {unknown}
 q - a scroll of enchant weapon {unknown}
 s - a scroll of noise {unknown}
 u - a scroll of identify
Potions
 e - 2 potions of degeneration
 f - a potion of brilliance {unknown}
 j - a potion of invisibility {unknown}
 k - a potion of berserk rage {unknown}
 l - a potion of mutation {unknown}
 m - 2 potions of haste
 o - a potion of cancellation {unknown}
 p - a potion of flight {unknown}
 r - a potion of curing {unknown}
 t - a potion of lignification {unknown}


   Skills:
 + Level 2.8 Fighting
 + Level 2.8 Throwing
 - Level 3.0 Dodging
 + Level 3.9 Unarmed Combat


You had 4 spell levels left.
You didn't know any spells.
Your spell library contained the following spells:

 Spells                   Type           Power      Damage    Failure   Level
 Cigotuvi's Dreadful Rot  Necr/Pois/Air  0%         N/A       73%         2
 Ensorcelled Hibernation  Hex/Ice        0%         N/A       73%         2
 Passwall                 Tmut/Erth      0%         N/A       73%         2
 Poisonous Vapours        Pois/Air       0%         N/A       73%         2
 Mephitic Cloud           Conj/Pois/Air  0%         N/A       91%         3
 Swiftness                Air            0%         N/A       91%         3
 Animate Dead             Necr           0%         N/A       100%        4
 Borgnjor's Vile Clutch   Necr/Erth      0%         N/A       100%        5
 Death Channel            Necr           0%         N/A       100%        6


Dungeon Overview and Level Annotations

Branches:
Dungeon (4/15)
 Temple: D:4-7

Altars:
Hepliaklqana
Uskayaw

Annotations:
D:2 Sigmund


Innate Abilities, Weirdness & Mutations

You have extremely sharp teeth.
Your natural rate of healing is unusually fast.
When hurt, damage is shared between your health and your magic reserves.
Your bite disrupts and absorbs the magic of your enemies.
Potions cannot restore your health.


Message History

The gnoll is severely wounded.
The gnoll barely misses you. The gnoll misses you.
You punch the gnoll!
You kill the gnoll!
You block the gnoll's attack. The gnoll hits you with a +0 whip.
Things that are here:
a +0 spear; a gnoll corpse You hit the gnoll but do no damage.
You bite the gnoll. You drain its power.
You feel invigorated.
The gnoll is lightly wounded.
The gnoll completely misses you.
You hit the gnoll.
The gnoll is lightly wounded.
The gnoll barely misses you.
You hit the gnoll.
The gnoll is severely wounded.
The gnoll hits you with a +0 whip.
Uskayaw will force your foes to share their pain.
Uskayaw links your audience in an emotional bond!
You barely miss the gnoll. You bite the gnoll. You drain its power.
You feel invigorated.
The gnoll is almost dead.
The gnoll is no longer sharing its pain. x2
The gnoll hits you but does no damage. The gnoll hits you with a +0 whip.
You hit the gnoll.
The gnoll is heavily wounded.
The gnoll closely misses you. The gnoll hits you with a +0 whip.
You hit the gnoll but do no damage.
The gnoll is heavily wounded.
The gnoll hits you with a +0 whip!
* * * LOW HITPOINT WARNING * * *
The gnoll hits you with a +0 whip.
* * * LOW HITPOINT WARNING * * *
You hit the gnoll. Your bite misses the gnoll.
The gnoll is almost dead.
The gnoll hits you with a +0 whip.
* * * LOW HITPOINT WARNING * * *
The gnoll hits you with a +0 whip.
You die...

# ..... #..##
...... .....
#..###......
.....#
#...g..<.#..
#....##...........
#.......#......#
###..g.##......#
..#
#....###......#
..# ######..##
##...... ..#
#)@g..### ...##.
..+ +##+g##..#
.### # .##..
#..#.##### .# #
#..#+###+#..#.#
###..#.....#..#.#
#.+..+.._..+..'.#
..#..#.....#).#.#
..#..#'###+#..#.#
#.#..#.....#..#.#


You could see 2 gnolls.

Vanquished Creatures
  An iguana (D:4)
  2 gnolls (D:4)
  4 adders (D:3)
  3 dart slugs
  6 bats
  5 endoplasms
  A giant cockroach (D:1)
  3 hobgoblins (D:1)
  4 kobolds
  A quokka (D:3)
  5 ball pythons
  2 frilled lizards (D:1)
  3 goblins
  5 rats
45 creatures vanquished.

Notes
Turn   | Place    | Note
-------+----------+-------------------------------------------
     0 | D:1      | Zonian the Vine Stalker Gladiator began the quest for the
                  | Orb.
     0 | D:1      | Reached XP level 1. HP: 11/11 MP: 2/2
   158 | D:1      | Reached XP level 2. HP: 14/15 MP: 3/3
   207 | D:1      | Found a faded altar of an unknown god.
   234 | D:1      | Prayed at the altar of an unknown god.
   234 | D:1      | Became a worshipper of Uskayaw the Reveller
   234 | D:1      | Reached * piety under Uskayaw
   698 | D:2      | Reached XP level 3. HP: 18/18 MP: 4/4
   988 | D:2      | Noticed Sigmund
  1180 | D:3      | Reached ** piety under Uskayaw
  1324 | D:3      | Gained mutation: Your natural rate of healing is unusually
                  | fast. [Vine Stalker growth]
  1324 | D:3      | Reached XP level 4. HP: 15/23 MP: 5/5
  1816 | D:4      | Noticed a lemure
  1934 | D:4      | Found a hazy altar of Hepliaklqana.
  1998 | D:4      | Reached *** piety under Uskayaw
  1999 | D:4      | Reached XP level 5. HP: 20/27 MP: 6/6
  2007 | D:4      | Reached **** piety under Uskayaw
  2012 | D:4      | Slain by a gnoll

Illustrated notes

Levels and vault maps discovered:
D:1:      scummos_arrival_simple_fountains, layout_basic,
          chequers_ecumenical_altar_island
D:2:      layout_basic, basic_altar, serial_rivers,
          chequers_serial_rivers_room_b, chequers_serial_rivers_room_b,
          chequers_serial_rivers_room_a, chequers_serial_rivers_small_b,
          uniq_sigmund
D:3:      layout_basic
D:4:      layout_layer_cave, mainiacjoe_overflow_24_doors, uniq_menkaure,
          uniq_pikel, uniq_edmund

Skill      XL: |  1  2  3  4 |
---------------+-------------+-----
Throwing       | 2 |  2.8
Fighting       | 2 |  2.8
Dodging        | 3 |  3.0
Unarmed Combat | |  3.9

Action                     |  1- 3 |  4- 6 || total
---------------------------+-------+-------++-------
  Melee: Unarmed           |    91 |    57 ||   148
         Bite              |    16 |    24 ||    40
         Punch             |     1 |       ||     1
 Invoke: Stomp             |       |     1 ||     1
    Use: Scroll            |       |     2 ||     2
 Armour: Leather armour    |    35 |     5 ||    40
  Dodge: Dodged            |    68 |    27 ||    95
  Block: Buckler           |    11 |     7 ||    18

Table legend: (Time is in decaauts)
 A = Elapsed time spent in this place.
 B = Non-inter-level travel time spent in this place.
 C = Inter-level travel time spent in this place.
 D = Time resting spent in this place.
 E = Time spent auto-exploring this place.
 F = Levels seen in this place.
 G = Mean time per level.
                   A        B        C        D        E       F      G
               +--------+--------+--------+--------+--------+-----+--------+
         Total |   2016 |   1949 |     67 |      0 |   1473 |   4 |  504.0 |
       Dungeon |   2016 |   1949 |     67 |      0 |   1473 |   4 |  504.0 |
               +--------+--------+--------+--------+--------+-----+--------+

Top non-repeatable levels by time:
     D:3: 783 daAuts
     D:1: 552 daAuts
     D:2: 506 daAuts
     D:4: 174 daAuts
